NCAA
VIRGINIA TECH HOKIES @ MIAMI HURRICANES
04/05/2027
 
TOP OF THE 1ST
Virginia Tech Hokies batting - Pitching for Miami Hurricanes : RHP Billy Davis
Pitching: RHP Billy Davis
Batting: RHB Francisco Medina 0-0: Ball
1-0: Ground out 6-3 (Groundball, 6)
Batting: RHB Clay Smith 0-0: Called Strike
0-1: Ball
1-1: Ball
2-1: Ball
3-1: Foul Ball, location: 2F
3-2: Strikes out swinging
Batting: RHB Elliott Short 0-0: Ball
1-0: SINGLE (Groundball, 6D)
Batting: RHB Eric Clay 0-0: Swinging Strike
0-1: Foul Ball, location: 2F
0-2: Fielders Choice at 2nd, 4-6 (Groundball, 4)
Top of the 1st over - 0 run(s), 1 hit(s), 0 error(s), 0 left on base; Virginia Tech 0 - Miami 0
BOTTOM OF THE 1ST
Miami Hurricanes batting - Pitching for Virginia Tech Hokies : RHP Mario Rangel
Pitching: RHP Mario Rangel
Batting: RHB Vincent Hancock 0-0: SOLO HOME RUN (Flyball, 78XD), Distance : 373 ft
Batting: RHB Dan Nevárez 0-0: SINGLE (Line Drive, 9S)
Batting: LHB Andrew Holt 0-0: Ball
1-0: Swinging Strike
1-1: Swinging Strike
1-2: Foul Ball, location: 2F
1-2: Fly out, F6 (Line Drive, 6)
Batting: RHB Eric Hawkins 0-0: Ball
1-0: Ball
2-0: Ball
3-0: Base on Balls
Dan Nevárez to second
Batting: LHB Reginald Rush 0-0: Called Strike
0-1: Ball
1-1: DOUBLE (Line Drive, 8LM)
Dan Nevárez scores
Eric Hawkins to third
Batting: RHB Freddy Dobson 0-0: Swinging Strike
0-1: DOUBLE (Flyball, 9LM)
Eric Hawkins scores
Reginald Rush scores
Batting: RHB A.C. Carlson 0-0: Swinging Strike
0-1: Ball
1-1: Swinging Strike
1-2: Strikes out swinging
Batting: RHB Miguel Murillo 0-0: Called Strike
0-1: Ball
1-1: SINGLE (Line Drive, 6MD)
Freddy Dobson to third
Runner from 3rd tries for Home, SAFE, no throw
Batting: RHB Kevin Magee 0-0: Ball
1-0: Called Strike
1-1: Ball
2-1: SINGLE (Line Drive, 8LS)
Miguel Murillo to second
Batting: RHB Vincent Hancock 0-0: SINGLE (Line Drive, 3D)
Miguel Murillo to third
Kevin Magee to second
Batting: RHB Dan Nevárez 0-0: Called Strike
0-1: Swinging Strike
0-2: Strikes out swinging
Bottom of the 1st over - 5 run(s), 7 hit(s), 0 error(s), 3 left on base; Virginia Tech 0 - Miami 5
TOP OF THE 2ND
Virginia Tech Hokies batting - Pitching for Miami Hurricanes : RHP Billy Davis
Batting: RHB Lawrence Ware 0-0: Fly out, F9 (Flyball, 9S)
Batting: RHB Rob Fleming 0-0: Foul Ball, location: 2F
0-1: Called Strike
0-2: Ball
1-2: Ball
2-2: Ball
3-2: SINGLE (Groundball, 56D)
Batting: RHB Matt Jenkins 0-0: Ball
Rob Fleming steals 2nd base
1-0: Ball
2-0: Foul Ball, location: 2F
2-1: Ball
3-1: Called Strike
3-2: Foul Ball, location: 2F
3-2: Base on Balls
Batting: RHB Nathan Taylor 0-0: Called Strike
0-1: Fly out, F7 (Flyball, 7S)
Batting: RHB Dusty Green 0-0: DOUBLE (Flyball, 8RM)
Rob Fleming scores
Matt Jenkins to third
Batting: RHB Francisco Medina 0-0: Ball
1-0: Foul Ball, location: 2F
1-1: Foul Ball, location: 2F
1-2: Strikes out swinging
Top of the 2nd over - 1 run(s), 2 hit(s), 0 error(s), 2 left on base; Virginia Tech 1 - Miami 5
BOTTOM OF THE 2ND
Miami Hurricanes batting - Pitching for Virginia Tech Hokies : RHP Mario Rangel
Batting: LHB Andrew Holt 0-0: Ball
1-0: Called Strike
1-1: Foul Ball, location: 2F
1-2: Ground out 4-3 (Groundball, 4S)
Batting: RHB Eric Hawkins 0-0: Called Strike
0-1: Ball
1-1: Ball
2-1: Foul Ball, location: 2F
2-2: Ball
3-2: Foul Ball, location: 2F
3-2: Strikes out swinging
Batting: LHB Reginald Rush 0-0: Ball
1-0: Ball
2-0: Ground out 1-3 (Groundball, 13)
Bottom of the 2nd over - 0 run(s), 0 hit(s), 0 error(s), 0 left on base; Virginia Tech 1 - Miami 5
TOP OF THE 3RD
Virginia Tech Hokies batting - Pitching for Miami Hurricanes : RHP Billy Davis
Batting: RHB Clay Smith 0-0: Foul Ball, location: 2F
0-1: Ball
1-1: Swinging Strike
1-2: Ball
2-2: Ball
3-2: Foul Ball, location: 2F
3-2: Fly out, F8 (Flyball, 8LD)
Batting: RHB Elliott Short 0-0: Fly out, F9 (Flyball, 89S)
Batting: RHB Eric Clay 0-0: Ball
1-0: Called Strike
1-1: Swinging Strike
1-2: Strikes out looking
Top of the 3rd over - 0 run(s), 0 hit(s), 0 error(s), 0 left on base; Virginia Tech 1 - Miami 5
BOTTOM OF THE 3RD
Miami Hurricanes batting - Pitching for Virginia Tech Hokies : RHP Mario Rangel
Batting: RHB Freddy Dobson 0-0: Called Strike
0-1: Ball
1-1: Ball
2-1: SINGLE (Groundball, 6MD)
Batting: RHB A.C. Carlson 0-0: Called Strike
0-1: Called Strike
0-2: Ball
1-2: Foul Ball, location: 2F
1-2: Fly out, F9 (Flyball, 9LS)
Batting: RHB Miguel Murillo 0-0: Ball
Freddy Dobson steals 2nd base
1-0: Ground out 1-3 (Groundball, 13)
Freddy Dobson to third
Batting: RHB Kevin Magee 0-0: Called Strike
0-1: Called Strike
0-2: Ball
1-2: Foul Ball, location: 2F
1-2: Foul Ball, location: 2F
1-2: Foul Ball, location: 2F
1-2: Fly out, F8 (Flyball, 8RS)
Bottom of the 3rd over - 0 run(s), 1 hit(s), 0 error(s), 1 left on base; Virginia Tech 1 - Miami 5
TOP OF THE 4TH
Virginia Tech Hokies batting - Pitching for Miami Hurricanes : RHP Billy Davis
Batting: RHB Lawrence Ware 0-0: Called Strike
0-1: Called Strike
0-2: Ball
1-2: Ball
2-2: Strikes out swinging
Batting: RHB Rob Fleming 0-0: Ground out 5-3 (Groundball, 5)
Batting: RHB Matt Jenkins 0-0: Ball
1-0: Called Strike
1-1: Ball
2-1: Ball
3-1: Called Strike
3-2: Base on Balls
Batting: RHB Nathan Taylor 0-0: Ball
1-0: Ball
2-0: Called Strike
2-1: Ball
3-1: Base on Balls
Matt Jenkins to second
Batting: RHB Dusty Green 0-0: Ball
1-0: 3-RUN HOME RUN (Flyball, 7D), Distance : 348 ft
Batting: RHB Francisco Medina 0-0: Foul Ball, location: 2F
0-1: Foul Ball, location: 2F
0-2: Strikes out swinging
Top of the 4th over - 3 run(s), 1 hit(s), 0 error(s), 0 left on base; Virginia Tech 4 - Miami 5
BOTTOM OF THE 4TH
Miami Hurricanes batting - Pitching for Virginia Tech Hokies : RHP Mario Rangel
Batting: RHB Vincent Hancock 0-0: Ball
1-0: Swinging Strike
1-1: Ball
2-1: Foul Ball, location: 2F
2-2: DOUBLE (Groundball, 5L)
Batting: RHB Dan Nevárez 0-0: Called Strike
0-1: Ball
1-1: Swinging Strike
1-2: Strikes out swinging
Batting: LHB Andrew Holt 0-0: Ball
Vincent Hancock is caught stealing 3rd base
1-0: Ball
2-0: Foul Ball, location: 2F
2-1: Ground out 5-3 (Groundball, 56)
Bottom of the 4th over - 0 run(s), 1 hit(s), 0 error(s), 0 left on base; Virginia Tech 4 - Miami 5
TOP OF THE 5TH
Virginia Tech Hokies batting - Pitching for Miami Hurricanes : RHP Billy Davis
Batting: RHB Clay Smith 0-0: Called Strike
0-1: Foul Ball, location: 2F
0-2: Strikes out swinging
Batting: RHB Elliott Short 0-0: Ball
1-0: Foul Ball, location: 2F
1-1: Called Strike
1-2: Ball
2-2: SINGLE (Line Drive, 34)
Batting: RHB Eric Clay 0-0: Ball
1-0: Grounds into double play, 4-6-3 (Groundball, 4)
Top of the 5th over - 0 run(s), 1 hit(s), 0 error(s), 0 left on base; Virginia Tech 4 - Miami 5
BOTTOM OF THE 5TH
Miami Hurricanes batting - Pitching for Virginia Tech Hokies : RHP Mario Rangel
Pitching: LHP Phil Green
Batting: RHB Eric Hawkins 0-0: Called Strike
0-1: Foul Ball, location: 2F
0-2: Ball
1-2: Fly out, F7 (Flyball, 7)
Batting: LHB Reginald Rush 0-0: Fly out, F8 (Line Drive, 8RM)
Batting: RHB Freddy Dobson 0-0: Ball
1-0: Reached on error, E8 (Flyball, 8LM)
Batting: RHB A.C. Carlson 0-0: Ball
1-0: Ball
2-0: Ball
3-0: Called Strike
3-1: Ground out 5-3 (Groundball, 5)
Bottom of the 5th over - 0 run(s), 0 hit(s), 1 error(s), 1 left on base; Virginia Tech 4 - Miami 5
TOP OF THE 6TH
Virginia Tech Hokies batting - Pitching for Miami Hurricanes : RHP Billy Davis
Batting: RHB Lawrence Ware 0-0: Ball
1-0: Ball
2-0: Ball
3-0: Base on Balls
Pitching: RHP Howard Clear
Batting: RHB Rob Fleming 0-0: Ball
1-0: Ball
2-0: SINGLE (Groundball, 6MD)
Lawrence Ware to second
Batting: RHB Matt Jenkins 0-0: Ball
1-0: Ball
2-0: Ground out 5-3 (Groundball, 5)
Lawrence Ware to third
Rob Fleming to second
Batting: RHB Nathan Taylor 0-0: Ball
1-0: Ball
2-0: Ball
3-0: Called Strike
3-1: Base on Balls
Batting: RHB Dusty Green 0-0: Ball
1-0: Called Strike
1-1: Foul Ball, location: 2F
1-2: Strikes out looking
Batting: RHB Francisco Medina 0-0: Foul Ball, location: 2F
0-1: Swinging Strike
0-2: Ball
1-2: Ball
2-2: Ball
3-2: Foul Ball, location: 2F
3-2: Base on Balls
Lawrence Ware scores
Rob Fleming to third
Nathan Taylor to second
Batting: RHB Clay Smith 0-0: Swinging Strike
0-1: DOUBLE (Line Drive, 7)
Rob Fleming scores
Nathan Taylor scores
Francisco Medina to third
Pitching: RHP Carl Cook
Batting: RHB Elliott Short 0-0: Ground out 1-3 (Groundball, 13S)
Top of the 6th over - 3 run(s), 2 hit(s), 0 error(s), 2 left on base; Virginia Tech 7 - Miami 5
BOTTOM OF THE 6TH
Miami Hurricanes batting - Pitching for Virginia Tech Hokies : LHP Phil Green
Batting: RHB Miguel Murillo 0-0: Ball
1-0: Ball
2-0: Ball
3-0: Called Strike
3-1: Called Strike
3-2: SOLO HOME RUN (Flyball, 8LXD), Distance : 401 ft
Batting: RHB Kevin Magee 0-0: Ball
1-0: Ball
2-0: Fly out, F8 (Flyball, 8LM)
Batting: RHB Vincent Hancock 0-0: Called Strike
0-1: SINGLE (Line Drive, 56D)
Batting: RHB Dan Nevárez 0-0: Ball
Vincent Hancock is caught stealing 2nd base
1-0: SINGLE (Groundball, 4MD)
Batting: LHB Andrew Holt 0-0: Called Strike
0-1: Foul Ball, location: 2F
0-2: Fly out, F7 (Flyball, 7)
Bottom of the 6th over - 1 run(s), 3 hit(s), 0 error(s), 1 left on base; Virginia Tech 7 - Miami 6
TOP OF THE 7TH
Virginia Tech Hokies batting - Pitching for Miami Hurricanes : RHP Carl Cook
Batting: RHB Eric Clay 0-0: Called Strike
0-1: Ball
1-1: Called Strike
1-2: Fly out, F9 (Flyball, 9S)
Batting: RHB Lawrence Ware 0-0: Ball
1-0: Called Strike
1-1: Foul Ball, location: 2F
1-2: Foul Ball, location: 2F
1-2: Ball
2-2: Ball
3-2: Foul Ball, location: 2F
3-2: Base on Balls
Batting: RHB Rob Fleming 0-0: Foul Ball, location: 2F
0-1: SINGLE (Groundball, 34D)
Lawrence Ware to second
Runner from 2nd tries for 3rd, SAFE, throw made to third
Rob Fleming to second
Pinch Runner at 3rd César Rodríguez:
Batting: RHB Matt Jenkins 0-0: Foul Ball, location: 2F
0-1: Foul Ball, location: 2F
0-2: Ball
1-2: Foul Ball, location: 2F
1-2: Ball
2-2: Foul Ball, location: 2F
2-2: Fly out, F9 (Flyball, 89M)
Runner from 3rd tags up, SCORES, no throw
Batting: RHB Nathan Taylor 0-0: Ball
1-0: Ball
Wild Pitch!
Rob Fleming to third
2-0: Foul Ball, location: 2F
2-1: Ground out 6-3 (Groundball, 56)
Top of the 7th over - 1 run(s), 1 hit(s), 0 error(s), 1 left on base; Virginia Tech 8 - Miami 6
BOTTOM OF THE 7TH
Miami Hurricanes batting - Pitching for Virginia Tech Hokies : LHP Phil Green
Now at SS: César Rodríguez
Batting: RHB Eric Hawkins 0-0: Ball
1-0: Ball
2-0: Ball
3-0: Base on Balls
Batting: LHB Reginald Rush 0-0: Called Strike
0-1: SINGLE (Groundball, 34S) (infield hit)
Eric Hawkins to second
Pinch Runner at 2nd Joe Joyce:
Batting: RHB Freddy Dobson 0-0: SINGLE (Groundball, 6MD)
Joe Joyce to third
Reginald Rush to second
Runner from 3rd tries for Home, SAFE, no throw
Pitching: RHP Joel Bailey
Batting: RHB A.C. Carlson 0-0: Bunted foul
0-1: Bunt missed!
0-2: Foul Ball, location: 2F
0-2: Ball
1-2: Ground out 6-3 (Groundball, 6MS)
Reginald Rush to third
Freddy Dobson to second
Batting: RHB Miguel Murillo 0-0: Ball
1-0: Fly out, F8 (Flyball, 8LM)
Runner from 3rd tags up, SCORES, throw made
Batting: RHB Kevin Magee 0-0: Called Strike
0-1: Ball
1-1: Ball
2-1: Ball
3-1: SINGLE (Flyball, 89M)
Freddy Dobson to third
Runner from 3rd tries for Home, SAFE, no throw
Batting: RHB Vincent Hancock 0-0: Ball
1-0: Swinging Strike
1-1: Ball
2-1: Ball
3-1: Base on Balls
Kevin Magee to second
Batting: RHB Dan Nevárez 0-0: Ball
1-0: Ball
2-0: Ball
3-0: Base on Balls
Kevin Magee to third
Vincent Hancock to second
Batting: LHB Andrew Holt 0-0: Ball
1-0: Foul Ball, location: 2F
1-1: Ground out 3-1 (Groundball, 34)
Bottom of the 7th over - 3 run(s), 3 hit(s), 0 error(s), 3 left on base; Virginia Tech 8 - Miami 9
TOP OF THE 8TH
Virginia Tech Hokies batting - Pitching for Miami Hurricanes : RHP Carl Cook
Now at 1B: Mario Pérez
Batting: RHB Dusty Green 0-0: Ground out 6-3 (Groundball, 6)
Batting: RHB Francisco Medina 0-0: Ball
1-0: Foul Ball, location: 2F
1-1: Swinging Strike
1-2: Strikes out swinging
Batting: RHB Clay Smith 0-0: Swinging Strike
0-1: Ball
1-1: Foul Ball, location: 2F
1-2: Foul Ball, location: 2F
1-2: Foul Ball, location: 2F
1-2: Ball
2-2: Fly out, F9 (Flyball, 9S)
Top of the 8th over - 0 run(s), 0 hit(s), 0 error(s), 0 left on base; Virginia Tech 8 - Miami 9
BOTTOM OF THE 8TH
Miami Hurricanes batting - Pitching for Virginia Tech Hokies : RHP Joel Bailey
Batting: LHB Mario Pérez 0-0: Ball
1-0: Ball
2-0: Called Strike
2-1: Ball
3-1: Base on Balls
Batting: LHB Reginald Rush 0-0: Ball
1-0: Foul Ball, location: 2F
1-1: Foul Ball, location: 2F
1-2: Ball
2-2: SINGLE (Line Drive, 34D)
Mario Pérez to second
Batting: RHB Freddy Dobson 0-0: Called Strike
0-1: Bunted foul
0-2: Ball
1-2: Strikes out looking
Batting: RHB A.C. Carlson 0-0: Called Strike
0-1: Called Strike
0-2: Ball
1-2: Ball
2-2: Strikes out swinging
Batting: RHB Miguel Murillo 0-0: Ball
1-0: Swinging Strike
1-1: Ball
2-1: SINGLE (Groundball, 6MD)
Mario Pérez to third
Reginald Rush to second
Runner from 3rd tries for Home, SAFE, no throw
Batting: RHB Kevin Magee 0-0: Fielders Choice at 2nd, 5-4 (Groundball, 56)
Bottom of the 8th over - 1 run(s), 2 hit(s), 0 error(s), 1 left on base; Virginia Tech 8 - Miami 10
TOP OF THE 9TH
Virginia Tech Hokies batting - Pitching for Miami Hurricanes : RHP Carl Cook
Pitching: LHP George Brennan
Batting: RHB Elliott Short 0-0: Ball
1-0: Called Strike
1-1: Foul Ball, location: 2F
1-2: Ball
2-2: Ball
3-2: Base on Balls
Batting: RHB Eric Clay 0-0: Ball
1-0: Called Strike
1-1: Foul Ball, location: 2F
1-2: Ball
2-2: Ball
3-2: SINGLE (Line Drive, 9S)
Elliott Short to second
Batting: RHB César Rodríguez 0-0: Ball
1-0: Ball
2-0: Ball
3-0: Base on Balls
Elliott Short to third
Eric Clay to second
Batting: RHB Rob Fleming 0-0: Ball
1-0: Called Strike
1-1: SINGLE (Groundball, 4MD)
Elliott Short scores
Eric Clay to third
César Rodríguez to second
Runner from 3rd tries for Home, SAFE, throw made home
César Rodríguez to third
Rob Fleming to second
Pitching: LHP Josh Johnston
Batting: RHB Matt Jenkins 0-0: Called Strike
0-1: Ball
1-1: Swinging Strike
1-2: Foul Ball, location: 2F
1-2: Foul Ball, location: 2F
1-2: Strikes out swinging
Batting: RHB Nathan Taylor 0-0: Intentional Walk
Pinch Hitting: RHB Bob Jones 0-0: Called Strike
0-1: Ball
1-1: Called Strike
1-2: Ball
2-2: Foul Ball, location: 2F
2-2: Ball
3-2: Foul Ball, location: 2F
3-2: Base on Balls
César Rodríguez scores
Rob Fleming to third
Nathan Taylor to second
Batting: RHB Francisco Medina 0-0: Ball
1-0: Ball
2-0: Called Strike
2-1: Swinging Strike
2-2: Strikes out looking
Batting: RHB Clay Smith 0-0: Foul Ball, location: 2F
0-1: Fly out, F8 (Flyball, 8RM)
Top of the 9th over - 3 run(s), 2 hit(s), 0 error(s), 3 left on base; Virginia Tech 11 - Miami 10
BOTTOM OF THE 9TH
Miami Hurricanes batting - Pitching for Virginia Tech Hokies : RHP Joel Bailey
Pitching: RHP Nathan Sullivan
Now at 1B: Bob Jones
Batting: RHB Vincent Hancock 0-0: Ball
1-0: Ball
2-0: Ball
3-0: Foul Ball, location: 2F
3-1: Base on Balls
Batting: RHB Dan Nevárez 0-0: Called Strike
0-1: Ball
1-1: SINGLE (Groundball, 4D)
Vincent Hancock to second
Runner from 2nd tries for 3rd, SAFE, no throw
Batting: LHB Andrew Holt 0-0: Ball
1-0: Foul Ball, location: 2F
1-1: Foul Ball, location: 2F
1-2: Ball
2-2: Foul Ball, location: 2F
2-2: Ball
3-2: Base on Balls
Dan Nevárez to second
Batting: LHB Mario Pérez 0-0: Ball
1-0: Foul Ball, location: 2F
1-1: Foul Ball, location: 2F
1-2: Ball
2-2: Grounds into fielders choice 4-2 (Groundball, 34)
Dan Nevárez to third
Andrew Holt to second
Batting: LHB Reginald Rush 0-0: Ball
1-0: Called Strike
1-1: Ball
2-1: Grounds into double play, 4-2-3 (Groundball, 4)
Bottom of the 9th over - 0 run(s), 1 hit(s), 0 error(s), 2 left on base; Virginia Tech 11 - Miami 10
Thursday, March 30th, 2017 - OOTP Baseball 17.12 Build 75